 Dungeon Crawl Stone Soup version 0.17-a0-1997-ga88ed7d (webtiles) character file.

568 Maka the Chopper (level 7, -1/62 HPs)
             Began as a Deep Dwarf Fighter on Oct 8, 2015.
             Slain by an ogre
             ... wielding a +0 giant club
              (14 damage)
             ... on level 4 of the Dungeon.
             The game lasted 00:08:39 (2671 turns).

Maka the Chopper (Deep Dwarf Fighter)               Turns: 2671, Time: 00:08:39

Health: -1/62      AC:  8    Str: 19    XL:     7   Next: 11%
Magic:  7/7        EV:  7    Int:  9    God:
Gold:   232        SH:  9    Dex: 14    Spells: 0 memorised, 6 levels left

rFire  . . .     SeeInvis .     a - +0 war axe
rCold  . . .     Clarity  .     b - +0 scale mail
rNeg   . . .     SustAt   .     c - +0 shield
rPois  .         Gourm    .     l - +0 helmet
rElec  .         Spirit   .     (no cloak)
rCorr  .         Warding  .     (no gloves)
rMut   .         Stasis   .     (no boots)
MR     +....                    (no amulet)
Stlth  ..........               (no ring)
                                j - ring of flight

@: non-regenerating, drained, somewhat resistant to hostile enchantments,
extremely unstealthy
A: damage resistance, recharge devices, sense surroundings 1, slow regeneration
3
a: Device Recharging, Evoke Flight


You were on level 4 of the Dungeon.
You were not hungry.

You visited 1 branch of the dungeon, and saw 4 of its levels.

You collected 232 gold pieces.

Inventory:

Hand Weapons
 a - a +0 war axe (weapon)
 h - a +1 hand axe of flaming
Missiles
 r - 4 curare-tipped needles
Armour
 b - a +0 scale mail (worn)
 c - a +0 shield (worn)
 l - a +0 helmet (worn)
Jewellery
 j - a ring of flight (left hand)
Wands
 g - a wand of magic darts (12)
 p - a wand of polymorph (15)
 t - a wand of frost (15)
 Z - a wand of heal wounds (1)
Scrolls
 k - 2 scrolls of remove curse
 o - 4 scrolls of teleportation
 u - a scroll of fog {unknown}
 y - a scroll of immolation {unknown}
Potions
 e - a potion of flight
 i - 3 potions of degeneration {unknown}
 n - a potion of agility {unknown}
 q - a potion of haste {unknown}
 s - 2 potions of invisibility {unknown}
 v - a potion of brilliance {unknown}
 w - a potion of cancellation {unknown}
 z - a potion of curing {unknown}
Comestibles
 d - 2 meat rations
 f - 3 bread rations
 m - a beef jerky
 x - 2 chunks of flesh


   Skills:
 - Level 3.0(2.9) Fighting
 + Level 6.2(6.1) Axes
 - Level 6.1(6.0) Armour
 - Level 4.0(3.9) Shields


You had 6 spell levels left.
You didn't know any spells.

Dungeon Overview and Level Annotations

Branches:
Dungeon (4/15)
 Temple: D:4-7

Altars:
Yredelemnul


Innate Abilities, Weirdness & Mutations

You are resistant to damage.
You can recharge devices by infusing magical energy.
You passively map a small area around you.
You do not regenerate naturally.


Message History

Press: ? - help, Shift-Dir - straight line, f - you You feel much better.
This wand has 1 charge left.
The ogre hits you with a giant club!!
* * * LOW HITPOINT WARNING * * *
Your shield and scale mail prevent you from hitting the ogre.
The ogre is lightly wounded.
The ogre closely misses you.
You hit the ogre.
The ogre is moderately wounded.
You block the ogre's attack.
You slash the ogre!
The ogre is heavily wounded.
You block the ogre's attack.
You hit the ogre.
The ogre is heavily wounded.
The ogre barely misses you.
You barely miss the ogre.
The ogre is heavily wounded.
The ogre hits you with a giant club!
You die...

######....# #.# #...#
####### ####.###.#
####...#### #.....#
#.........# #.#####
#.###.###.# ########.#
#.# #.###.## #........#
#.###......# ##.########
#.#........# ...#
##########.#.###....#####
#### #......5O@>#.#
#.<.......#
.##.#..##.#.###.#..####.#
* *,#..##..........# * *
*, * #..##..........# *
#..######.###### ,.... *
#.# * ,...#. ,... * #.##
.# ..... #. .# #.....# ,


You could see an ogre and a shadow imp.

Vanquished Creatures
  Sigmund (D:1)
  A scorpion (D:3)
  5 wights (D:3)
  Ijyb (D:2)
  6 adders
  A worm (D:1)
  7 orcs
  A ball python (D:1)
  5 giant cockroaches
  9 hobgoblins
  11 jackals
  3 kobolds
  9 bats
  6 giant geckos
  3 giant newts
  4 goblins
  A jackal skeleton (D:4)
  6 rats
80 creatures vanquished.

Notes
Turn   | Place    | Note
--------------------------------------------------------------
     0 | D:1      | Maka the Deep Dwarf Fighter began the quest for the Orb.
     0 | D:1      | Reached XP level 1. HP: 20/20 MP: 1/1
    99 | D:1      | Reached XP level 2. HP: 22/27 MP: 2/2
   624 | D:1      | Reached XP level 3. HP: 24/34 MP: 3/3
   791 | D:2      | Found a basalt altar of Yredelemnul.
  1066 | D:2      | Noticed Sigmund
  1081 | D:1      | Killed Sigmund
  1081 | D:1      | Reached skill level 5 in Axes
  1081 | D:1      | Reached XP level 4. HP: 18/42 MP: 4/4
  1081 | D:1      | Reached XP level 5. HP: 21/49 MP: 5/5
  1083 | D:1      | Reached skill level 6 in Axes
  1245 | D:2      | Noticed Ijyb
  1307 | D:2      | Killed Ijyb
  1330 | D:2      | Reached XP level 6. HP: 6/56 MP: 6/6
  1717 | D:3      | Reached skill level 5 in Armour
  1748 | D:3      | Reached XP level 7. HP: 33/62 MP: 7/7
  2671 | D:4      | Slain by an ogre

Vault maps used:
D:1:      dpeg_arrival_oval
D:2:      lemuel_doored_altar, first_bread, uniq_sigmund, uniq_iyjb
D:4:      minivault_11

Action                   |  1- 3 |  4- 6 |  7- 9 || total
-------------------------+-------+-------+-------++-------
Melee: War axe           |    88 |    97 |    50 ||   235
Evoke: Wand              |       |     3 |     1 ||     4
  Use: Potion            |     1 |       |       ||     1
       Scroll            |       |     6 |       ||     6
  Eat: Chunk             |     1 |     2 |     3 ||     6
